 Dungeon Crawl Stone Soup version 0.27-a0-1296-g8ece459b43 (webtiles) character file.

Game seed: 15483813872895051567

42 BlueGoblin the Grave Robber (level 3, 0/28 HPs)
             Began as a Deep Dwarf Necromancer on June 16, 2021.
             Killed from afar by a kobold (9 damage)
             ... with an iceblast
             ... on level 3 of the Dungeon.
             The game lasted 00:09:19 (3689 turns).

BlueGoblin the Grave Robber (DDNe)                  Turns: 3689, Time: 00:09:20

Health: 0/28       AC:  2    Str: 11    XL:     3   Next: 33%
Magic:  4/6        EV: 12    Int: 16    God:
Gold:   134        SH:  4    Dex: 13    Spells: 2/6 levels left

rFire    . . .     SeeInvis .   c - +0 short sword
rCold    . . .     Faith    .   (no shield)
rNeg     . . .     Spirit   .   a - +0 robe
rPois    .         Reflect  .   (no helmet)
rElec    .         Harm     .   (no cloak)
rCorr    .         Rampage  .   (no gloves)
Will     .....                  (no boots)
Stlth    ++........             (no amulet)
HPRegen  0.00/turn              (no ring)
MPRegen  0.10/turn              (no ring)

@: no status effects
A: damage resistance, heal wounds, sense surroundings 1, no regeneration, talons
1, large bone plates 1, high mp 1, MP-powered wands
a: Heal Wounds


You were on level 3 of the Dungeon.
You visited 1 branch of the dungeon, and saw 3 of its levels.

You collected 134 gold pieces.

Inventory:

Hand Weapons
 c - a +0 short sword (weapon)
Armour
 a - a +0 robe (worn)
 f - a +2 leather armour of cold resistance
Scrolls
 d - a scroll of amnesia
 g - a scroll of vulnerability {unknown}
 i - a scroll of immolation {unknown}
Potions
 b - a potion of attraction
 e - a potion of invisibility
 h - a potion of curing {unknown}


   Skills:
 + Level 2.2 Dodging
 + Level 3.0 Stealth
 + Level 2.2 Spellcasting
 + Level 5.2 Necromancy


You had 2 spell levels left.
You knew the following spells:

 Your Spells              Type           Power      Damage    Failure   Level
a - Pain                  Necr           72%        1d7       2%          1
c - Vampiric Draining     Necr           9%         2d7       7%          3

Your spell library contained the following spells:

 Spells                   Type           Power      Damage    Failure   Level
 Animate Skeleton         Necr           36%        N/A       2%          1
 Sandblast                Erth           2%         2d4       21%         1
 Passwall                 Tmut/Erth      0%         N/A       30%         2
 Animate Dead             Necr           9%         N/A       24%         4
 Stone Arrow              Conj/Erth      2%         3d7       52%         3
 Agony                    Necr           18%        N/A       54%         5
 Petrify                  Tmut/Erth      1%         N/A       90%         4
 Lee's Rapid Deconstruct  Erth           0%         3d5*      99%         5


Dungeon Overview and Level Annotations

Branches:
Dungeon (3/15)

Altars:
Yredelemnul

Shops:
D:1 [   D:2 ?


Innate Abilities, Weirdness & Mutations

You are resistant to damage.
You can heal yourself by infusing magical energy.
You passively map a small area around you.
You do not regenerate.
You have sharp toenails.
You are partially covered in large bone plates. (SH +4)
You have an increased reservoir of magic. (+10% MP)
You expend magic power (3 MP) to strengthen your wands.


Message History

Confirm with . or Enter, or press ? or * to list all spells.
The spell is quite dangerous to cast (8% risk of failure)!
Continue anyway?
Aiming: Vampiric Draining (quite dangerous; 8% risk of failure)
Press: ? - help, Shift-Dir - straight line, f/p - hobgoblin
Aim: a hobgoblin (almost dead)
You draw life force from the hobgoblin.
You kill the hobgoblin!
You feel life coursing into your body.
You start resting.
Magic restored.
You start waiting.
Done waiting.
You see here a hobgoblin corpse.
Found a stone staircase leading down.
i - a scroll labelled VIUSIRR XUSM A goblin and a kobold come into view.
The kobold is wielding a +0 short sword and carrying a wand of iceblast (5).
Found a basalt altar of Yredelemnul.
The goblin shouts!
The kobold shouts!
The kobold throws a stone.
The stone closely misses you.
The kobold zaps a wand.
The mass of ice explodes!
The iceblast engulfs you!!
Ouch! That really hurt!
* * * LOW HITPOINT WARNING * * *
The teleport trap disappears.
The kobold disappears!
Casting: Vampiric Draining (quite dangerous; 7% risk of failure)
Confirm with . or Enter, or press ? or * to list all spells.
The spell is quite dangerous to cast (7% risk of failure)!
Continue anyway?
Aiming: Vampiric Draining (quite dangerous; 7% risk of failure)
Press: ? - help, Shift-Dir - straight line, f - goblin
Aim: a goblin, wielding a +0 club (translocational energy)
You draw life force from the goblin!
You kill the goblin!
You feel life coursing into your body.
You start resting.
A kobold is nearby!
The kobold throws a stone.
The stone closely misses you.
The kobold throws a stone.
The stone closely misses you.
The kobold throws a stone.
You block the stone.
The kobold zaps a wand.
The mass of ice explodes!
The iceblast engulfs you!
You die...

#.# #.# #.# * #.#
####.###### *
*#######...........
,..............####
#.######.#.......#
#....@...........#
#..####K####.>...#
#,, ,..... #.....#
,,#.......#..#### *
,#.......#..#
.K..._...#..#
..#.......# ,
*..#.......# *


You could see a kobold.

Vanquished Creatures
  A worm (D:2)
  A dart slug (D:1)
  3 ball pythons (D:2)
  3 endoplasms
  5 hobgoblins
  A kobold (D:2)
  6 quokkas (D:1)
  4 bats (D:1)
  4 frilled lizards (D:2)
  3 goblins
  A rat (D:3)
32 creatures vanquished.

Vanquished Creatures (collateral kills)
  A bat (D:1)
  A rat (D:1)
2 creatures vanquished.

Grand Total: 34 creatures vanquished

Notes
Turn   | Place    | Note
-------+----------+-------------------------------------------
     0 | D:1      | BlueGoblin the Deep Dwarf Necromancer began the quest for
                  | the Orb.
     0 | D:1      | Reached XP level 1. HP: 15/15 MP: 3/3
   316 | D:1      | Learned a level 1 spell: Animate Skeleton
   609 | D:1      | Found Fytecar's Armour Shoppe.
   658 | D:1      | Reached XP level 2. HP: 8/22 MP: 0/5
  1743 | D:1      | Gained mutation: You are partially covered in large bone
                  | plates. (SH +4) [potion of mutation]
  1743 | D:1      | Gained mutation: You have an increased reservoir of magic.
                  | (+10% MP) [potion of mutation]
  1743 | D:1      | Gained mutation: You expend magic power (3 MP) to
                  | strengthen your wands. [potion of mutation]
  1743 | D:1      | Gained mutation: You have sharp toenails. [potion of
                  | mutation]
  1876 | D:1      | Reached skill level 5 in Necromancy
  2469 | D:2      | Reached XP level 3. HP: 6/28 MP: 0/6
  2473 | D:2      | Learned a level 3 spell: Vampiric Draining
  2643 | D:2      | Found Jounio's Magic Scroll Shoppe.
  3672 | D:3      | Found a basalt altar of Yredelemnul.
  3689 | D:3      | Killed from afar by a kobold

Illustrated notes

Levels and vault maps discovered:
D:1:      dpeg_arrival_pits, layout_basic, serial_shops, shop,
          chequers_decorated_corner
D:2:      layout_rooms, serial_shops, nicolae_shop_statue_plus
D:3:      layout_rooms, nicolae_tso_besieged_by_evil, lemuel_tele_altar,
          fedhas_altar_1, shapermc_ecumenical_altar_mp_ritualfount,
          gammafunk_ghost_mausoleum, serial_shops, nicolae_diamond_shop

Skill      XL: |  1  2  3 |
---------------+----------+-----
Spellcasting   | 2 |  2.2
Necromancy     | 5 |  5.2
Stealth        | 3 |  3.0
Dodging        | |  2.2

Action                   || total
-------------------------++-------
Melee: Unarmed           ||    10
 Cast: Pain              ||    43
       Animate Skeleton  ||     4
       Vampiric Draining ||    14
  Use: Scroll            ||     5
       Potion            ||     1
Armor: Robe              ||     8
Dodge: Dodged            ||    20
Block: Other             ||     2

Table legend: (Time is in decaauts)
 A = Elapsed time spent in this place.
 B = Non-inter-level travel time spent in this place.
 C = Inter-level travel time spent in this place.
 D = Time resting spent in this place.
 E = Time spent auto-exploring this place.
 F = Levels seen in this place.
 G = Mean time per level.
                   A        B        C        D        E       F      G
               +--------+--------+--------+--------+--------+-----+--------+
         Total |   3689 |   3634 |     55 |   1954 |   1143 |   3 | 1229.7 |
       Dungeon |   3689 |   3634 |     55 |   1954 |   1143 |   3 | 1229.7 |
               +--------+--------+--------+--------+--------+-----+--------+

Top non-repeatable levels by time:
     D:1: 2286 daAuts
     D:2: 1148 daAuts
     D:3: 253 daAuts
